 Dungeon Crawl Stone Soup version 0.25-a0-1104-g1bb6b8da34 (webtiles) character file.

Game seed: 15962313629882056708, levelgen mode: deterministic

63867 P0NYSLAYSTATION the Fencer (level 15, -4/139 HPs)
             Began as a Hill Orc Monk on May 15, 2020.
             Was the Champion of Beogh.
             Killed from afar by a starcursed mass (11 damage)
             ... with an accursed screaming
             ... on level 3 of the Abyss on May 16, 2020.
             The game lasted 02:50:25 (26812 turns).

P0NYSLAYSTATION the Fencer (Hill Orc Monk)         Turns: 26812, Time: 02:50:26

Health: -4/139     AC: 37    Str: 20      XL:     15   Next: 11%
Magic:  0/17       EV:  8    Int:  9 (10) God:    Beogh [******]
Gold:   1695       SH:  8    Dex: 10      Spells: 14/14 levels left

rFire    . . .     SeeInvis .   O - +9 long sword (freeze)
rCold    . . .     Gourm    .   (no shield)
rNeg     . . .     Faith    .   K - +7 plate armour
rPois    +         Spirit   +   p - +1 helmet
rElec    .         Reflect  .   g - +1 cloak
rCorr    .         Harm     .   h - +1 pair of gloves
MR       +....     Rnd*Rage +   o - +0 pair of boots
Stlth    ..........             T - brooch of Shielding {Spirit SH+8}
HPRegen  0.33/turn              m - +4 ring of protection
MPRegen  0.15/turn              B - ring of poison resistance

@: about to teleport
A: walk on water, [berserk 2], [blurry vision 2], [clumsy 2], [deterioration 2],
[screaming 2]
a: Smiting, Recall Orcish Followers, Give Item to Named Follower, Resurrection,
Renounce Religion


You were on level 3 of the Abyss.
You worshipped Beogh.
Beogh was exalted by your worship.
You were not hungry.

You visited 6 branches of the dungeon, and saw 24 of its levels.
You visited the Abyss 1 time.
You also visited: Ice Cave.

You collected 2278 gold pieces.
You spent 583 gold pieces at shops.

Inventory:

Hand Weapons
 z - a +2 short sword of venom
 C - a +2 scimitar of freezing
 O - a +9 long sword of freezing (weapon)
Missiles
 Q - 31 boomerangs (quivered)
Armour
 g - a +1 cloak (worn)
 h - a +1 pair of gloves (worn)
 o - a +0 pair of boots (worn)
 p - a +1 helmet (worn)
 K - a +7 plate armour (worn)
Jewellery
 a - an uncursed ring of magical power
 m - a +4 ring of protection (left hand)
 r - an uncursed ring of protection from cold
 s - an uncursed ring of protection from magic
 B - a ring of poison resistance (right hand)
 H - an uncursed ring of see invisible
 L - an uncursed ring of resist corrosion
 P - an uncursed ring of flight
 T - the brooch of Shielding (around neck) {Spirit SH+8}
   (You found it in an ice cave)

   [amulet of guardian spirit]

   It causes incoming damage to be split between your health and magic.
   It affects your SH (+8).
Wands
 i - a wand of digging (3)
 v - a wand of paralysis (20)
 y - a wand of flame (79)
 N - a wand of acid (6)
 W - a wand of iceblast (26)
 Z - a wand of random effects (22)
Scrolls
 e - a scroll of immolation {unknown}
 j - 5 scrolls of amnesia
 n - 2 scrolls of remove curse
 u - 5 scrolls of magic mapping
 A - 8 scrolls of teleportation
 E - 2 scrolls of blinking
 G - 2 scrolls of holy word
 I - a scroll of silence
 J - 7 scrolls of fear
 M - a scroll of summoning {unknown}
 V - 2 scrolls of fog {unknown}
 Y - a scroll of torment {unknown}
Potions
 d - 3 potions of flight
 f - 4 potions of curing
 k - a potion of ambrosia
 l - 3 potions of magic
 q - a potion of haste
 t - a potion of mutation {unknown}
 w - a potion of berserk rage
 x - 2 potions of stabbing
 D - 3 potions of lignification
 R - 3 potions of cancellation
 X - 3 potions of brilliance
Comestibles
 b - a chunk of flesh
 c - 21 rations


   Skills:
 + Level 14.5 Fighting
 + Level 16.0 Long Blades
   Level 11.0 Axes
 + Level 1.1 Throwing
 + Level 15.3 Armour
 - Level 3.0 Dodging
 - Level 4.0 Stealth
 + Level 3.5 Invocations
 + Level 0.5 Evocations


You had 14 spell levels left.
You didn't know any spells.
Your spell library contained the following spells:

 Spells                   Type           Power        Failure   Level  Hunger
 Corona                   Hex            #......      99%         1    ##.....
 Magic Dart               Conj           #...         99%         1    ##.....
 Summon Small Mammal      Summ           #...         99%         1    ##.....
 Call Imp                 Summ           #.......     100%        2    ###....
 Ensorcelled Hibernation  Hex/Ice        #.....       100%        2    ###....
 Searing Ray              Conj           #.....       100%        2    ###....
 Call Canine Familiar     Summ           #.......     100%        3    ####...
 Confusing Touch          Hex            #.......     100%        3    ####...
 Dazzling Flash           Conj/Hex       #.....       100%        3    ####...
 Summon Guardian Golem    Hex/Summ       #.......     100%        3    ####...
 Tukima's Dance           Hex            #.......     100%        3    ####...
 Fulminant Prism          Conj/Hex       #.........   100%        4    #####..
 Iskenderun's Mystic Bla  Conj/Tloc      #.......     100%        4    #####..
 Summon Ice Beast         Ice/Summ       #.......     100%        4    #####..
 Summon Lightning Spire   Summ/Air       #.......     100%        4    #####..
 Silence                  Hex/Air        #.........   100%        5    ######.
 Conjure Ball Lightning   Conj/Air       #.........   100%        6    #######
 Tornado                  Air            #.........   100%        9    #######


Dungeon Overview and Level Annotations

Branches:
Dungeon (14/15)            Temple (1/1) D:4            Lair (5/6) D:11
  Swamp (1/4) Lair:2        Snake (1/4) Lair:4        Slime (0/5) Lair:5
    Orc (2/2) D:10            Elf (0/3) Orc:2        Vaults (0/5) D:13
  IceCv (visited)

Altars:
Ashenzari
Cheibriados
Dithmenos
Elyvilon
Fedhas
Gozag
Hepliaklqana
Kikubaaqudgha
Makhleb
Nemelex Xobeh
Okawaru
Qazlal
Ru
Sif Muna
Trog
Uskayaw
Vehumet
Wu Jian
Xom
Yredelemnul
Zin
The Shining One
Beogh
Jiyva

Shops:
D:6 %   D:7 !   D:11 *   D:13 *   D:14 [   Orc:2 (=(?

Annotations:
Snake:1 Rupert


Innate Abilities, Weirdness & Mutations

You can walk on water.
[You often lose your temper in combat.]
[Scrolls take you longer to read.]
[You are very clumsy. (Dex -4)]
[Your body often deteriorates upon taking damage.]
[You sometimes yell uncontrollably at your foes.]


Message History

* * * LOW HITPOINT WARNING * * *
Okay, then.
Really read with blurry vision while enemies are nearby?
Okay, then.
The hellwing barely misses you. You block the hellwing's attack.
A starcursed mass splits.
A chorus of shrieks assaults your mind.
* * * LOW HITPOINT WARNING * * *
A starcursed mass splits. x3
Okay, then.
You feel better.
The hellwing hits you but does no damage. x2
Your orc knight hits the hellwing from afar with a +0 glaive!
A starcursed mass splits.
A deafening chorus of shrieks assaults your mind!
* * * LOW HITPOINT WARNING * * *
The starcursed mass engulfs something!
The starcursed mass barely misses something.
A deafening chorus of shrieks assaults your mind!
You die...

# ....... . .......
. # # .#.......
##......#. .
##.......... . . . .
#.......... . #..
##......#... .
...#.@....... . #
##. o ##4..........
....###.#..........
.....XXX...........
.....XXo.*†........
......XX#...........
.......##......... #
.....##.......##..
#. ....##...#...##
## .


You could see 7 starcursed masses, a wretched star and a hellwing.

Vanquished Creatures
  An orc warlord (Orc:2)
  The ghost of Qann the Lord of Darkness, a journeyman HuNe of Kikubaaqudgha (Lair:3)
  2 ice dragons (IceCv)
  2 vault guards (D:13)
  A hydra (Lair:4)
  A centaur warrior (D:14)
  A death knight (D:13)
  4 two-headed ogres
  A tengu warrior (D:13)
  3 orc high priests (Orc:2)
  An unseen horror (D:10)
  2 orc knights
  A wolf spider (D:12)
  An orc sorcerer (Orc:2)
  A cyclops (D:12)
  2 ice statues (IceCv)
  3 elephants
  2 black mambas
  A smoke demon (Abyss:3)
  5 spiny frogs
  A centaur skeleton (D:13)
  A kobold demonologist (D:14)
  A komodo dragon (Lair:4)
  3 rime drakes
  A tengu conjurer (D:13)
  6 trolls
  6 hippogriffs
  11 blink frogs
  A vampire (D:13)
  12 yaks
  Sigmund (D:2)
  3 vampire mosquitoes (D:13)
  A steam dragon (D:13)
  A hungry ghost (D:10)
  3 wargs
  A naga (Lair:4)
  A hell hound (Abyss:3)
  2 soldier ants (D:12)
  The ghost of RaHiT the Ducker, an amateur SpBe of Trog (D:4)
  Duvessa (D:7)
  3 porcupines
  2 water moccasins
  9 orc warriors
  A sky beast (D:9)
  19 ice beasts
  A phantom (D:5)
  3 black bears
  11 wolves
  11 ogres
  11 centaurs
  3 crocodiles
  2 big kobolds
  A wyvern zombie (D:14)
  11 bullfrogs
  2 scorpions
  Dowan (D:7)
  A troll zombie (D:10)
  4 wights
  3 electric eels
  A howler monkey (D:9)
  3 crimson imps
  2 centaur zombies
  5 starcursed masses (Abyss:3)
  A quasit (D:13)
  7 hounds
  5 orc wizards
  7 orc priests
  4 jellies
  Natasha (D:2)
  Terence (D:3)
  4 iguanas
  10 worker ants
  An ogre zombie (D:10)
  A hound skeleton (D:5)
  A worker ant zombie (D:8)
  Robin (D:2)
  3 gnolls (D:3)
  9 adders
  A river rat (D:6)
  4 shadow imps
  3 oozes
  2 adder skeletons (D:4)
  7 worms
  3 dart slugs
  8 leopard geckos
  12 orcs
  2 ball pythons
  4 giant cockroaches (D:1)
  13 goblins
  18 hobgoblins
  11 jackals
  2 quokkas
  5 bats
  5 frilled lizards
  2 hobgoblin skeletons (D:10)
  2 hobgoblin zombies (D:10)
  3 jackal skeletons
  20 kobolds
  A leopard gecko skeleton (D:4)
  A leopard gecko zombie (D:5)
  An orc skeleton (D:10)
  5 orc zombies (D:10)
  A quokka skeleton (D:5)
  A quokka zombie (D:5)
  19 rats
  A plant (D:11)
417 creatures vanquished.

Vanquished Creatures (collateral kills)
  Jorgrun (Orc:1)
  An orc warlord (Orc:2)
  Snorg (D:11)
  2 vault guards (D:13)
  Harold (D:7)
  A rakshasa (Abyss:3)
  4 hydras
  Erolcha (D:12)
  3 two-headed ogres
  Erica (Lair:2)
  2 thrashing horrors (Abyss:3)
  A slime creature (D:12)
  3 unseen horrors
  2 orc knights (Orc:2)
  A wolf spider zombie (D:13)
  A cyclops (D:13)
  A deep elf mage (D:12)
  2 manticores
  14 elephants
  3 spiny frogs
  Maggie (D:7)
  4 komodo dragons
  A hellwing (Abyss:3)
  An ancient zyme (Abyss:3)
  4 trolls
  A tengu conjurer (D:13)
  Grinder (D:6)
  13 blink frogs
  4 hippogriffs
  6 dream sheep (Lair:5)
  A wraith (D:10)
  2 shadows
  A ynoxinul (Abyss:3)
  28 yaks
  A wyvern (D:14)
  A basilisk (Lair:2)
  6 hungry ghosts
  4 vampire mosquitoes
  A steam dragon (D:8)
  2 nagas (Lair:4)
  A hell hound (Abyss:3)
  Edmund (D:6)
  6 water moccasins
  A small abomination (Abyss:3)
  5 porcupines
  An ice beast (D:7)
  9 orc warriors
  2 sky beasts
  4 black bears
  2 wolves
  8 ogres
  2 centaurs (D:12)
  2 crocodiles
  A big kobold (D:11)
  12 bullfrogs
  A troll zombie (D:10)
  2 scorpions
  13 wights
  8 howler monkeys
  A crimson imp (D:11)
  2 orc priests
  2 hounds
  4 jellies
  A bullfrog skeleton (D:8)
  4 orc wizards
  3 iguanas
  2 worker ants
  3 ogre zombies (D:10)
  2 worker ant zombies
  A howler monkey skeleton (D:8)
  4 adders
  2 river rats (D:6)
  A shadow imp (D:7)
  A worm (D:6)
  A leopard gecko (D:7)
  13 orcs
  A giant cockroach (D:6)
  A jackal (D:6)
  4 kobolds
  2 quokkas
  2 hobgoblin zombies (D:10)
  A leopard gecko zombie (D:5)
  7 orc zombies (D:10)
  2 rats (D:6)
  2 bushes (Lair:3)
  53 fungi
  38 plants
370 creatures vanquished.

Vanquished Creatures (others)
  An orc warlord (Orc:2)
  An orc knight (Abyss:3)
  2 orc sorcerers
  10 orc warriors
  19 orc priests
  7 orc wizards
  An adder (D:12)
  64 orcs
  12 fungi
  2 plants (Lair:4)
  2 starspawn tentacles (Abyss:3)
121 creatures vanquished.

Grand Total: 908 creatures vanquished

Notes
Turn   | Place    | Note
-------+----------+-------------------------------------------
     0 | D:1      | P0NYSLAYSTATION the Hill Orc Monk began the quest for the
                  | Orb.
     0 | D:1      | Reached XP level 1. HP: 19/19 MP: 1/1
    41 | D:1      | Reached XP level 2. HP: 20/27 MP: 2/2
   509 | D:2      | Reached XP level 3. HP: 16/33 MP: 3/3
   751 | D:2      | Reached skill level 1 in Armour
   951 | D:2      | Noticed Sigmund
   973 | D:3      | Noticed Terence
   987 | D:3      | Killed Terence
   987 | D:3      | Reached skill level 5 in Axes
   987 | D:3      | Reached XP level 4. HP: 25/41 MP: 4/4
  2120 | D:3      | Found a blossoming altar of Fedhas.
  2166 | D:4      | Noticed RaHiT's ghost (amateur SpBe)
  2182 | D:4      | Reached XP level 5. HP: 31/47 MP: 5/5
  2300 | D:4      | Found a transporter.
  2303 | D:4      | Found a transporter.
  2462 | D:4      | Found a shimmering blue altar of Sif Muna.
  2526 | D:4      | Found a shadowy altar of Dithmenos.
  2725 | D:5      | Entered Level 5 of the Dungeon
  2895 | D:7      | Noticed Duvessa
  2895 | D:7      | Noticed Dowan
  2895 | D:7      | Noticed an ice beast
  2895 | D:7      | Noticed a sky beast
  2900 | D:6      | Noticed an ice beast
  2953 | D:5      | Found a sparkling altar of Nemelex Xobeh.
  2983 | D:5      | Became a worshipper of Beogh the Brigand
  2983 | D:5      | Reached * piety under Beogh
  2983 | D:5      | Reached ** piety under Beogh
  3013 | D:5      | Reached XP level 6. HP: 54/55 MP: 6/6
  3944 | D:2      | Killed Sigmund
  3944 | D:2      | Reached skill level 5 in Fighting
  4039 | D:2      | Noticed Natasha
  4052 | D:2      | Killed Natasha
  4052 | D:2      | Reached XP level 7. HP: 36/61 MP: 7/7
  4207 | D:2      | Noticed Robin
  4224 | D:2      | Killed Robin
  4494 | D:2      | Reached *** piety under Beogh
  4916 | D:3      | Noticed a moth of wrath
  4918 | D:3      | Found a bloodstained altar of Trog.
  5013 | D:3      | Found a stormy altar of Qazlal.
  6164 | D:4      | Found a staircase to the Ecumenical Temple.
  6175 | Temple   | Entered the Ecumenical Temple
  6329 | D:4      | Found a radiant altar of Vehumet.
  6330 | D:4      | Found a shimmering altar of Xom.
  7204 | D:5      | Reached XP level 8. HP: 70/70 MP: 8/8
  7679 | D:6      | Noticed Grinder
  7687 | D:6      | Reached **** piety under Beogh
  7700 | D:6      | Killed Grinder
  7860 | D:6      | Gained Agrik as an ally
  8035 | D:6      | Found Cinil's Food Boutique.
  8187 | D:6      | Reached skill level 10 in Axes
  8231 | D:6      | Noticed Edmund
  8241 | D:6      | Killed Edmund
  8336 | D:6      | Found an ornate altar of the Wu Jian Council.
  8455 | D:7      | Noticed Harold
  8464 | D:7      | Killed Harold
  8464 | D:7      | Reached skill level 5 in Armour
  8464 | D:7      | Reached XP level 9. HP: 78/78 MP: 9/9
  8613 | D:7      | Reached skill level 1 in Long Blades
  8717 | D:7      | Noticed Maggie
  8718 | D:7      | Gained Bogdar as an ally
  8728 | D:7      | Killed Maggie
  8730 | D:7      | Reached skill level 2 in Long Blades
  8784 | D:7      | Found Wadaphofi's Distillery.
  8792 | D:7      | Bought a potion of berserk rage for 70 gold pieces
  8792 | D:7      | Bought a potion of might for 56 gold pieces
  8792 | D:7      | Bought a potion of heal wounds for 70 gold pieces
  8792 | D:7      | Bought a potion of might for 56 gold pieces
  9005 | D:7      | Killed Dowan
  9008 | D:7      | Killed Duvessa
  9262 | D:8      | Reached ***** piety under Beogh
  9295 | D:8      | Found a snail-covered altar of Cheibriados.
  9418 | D:8      | Found a hazy altar of Hepliaklqana.
  9420 | D:8      | Reached skill level 3 in Long Blades
  9619 | D:8      | Found a hide-covered altar of Uskayaw.
  9715 | D:9      | Reached skill level 4 in Long Blades
  9719 | D:9      | Reached XP level 10. HP: 65/88 MP: 7/10
  9719 | D:9      | Gained Blodwig as an ally
  9722 | D:9      | Gained Marbaugh as an ally
  9847 | D:9      | Reached skill level 5 in Long Blades
  9865 | D:9      | Reached skill level 6 in Long Blades
 10584 | D:10     | Entered Level 10 of the Dungeon
 10650 | D:10     | Killed an unseen horror
 10650 | D:10     | Reached skill level 7 in Long Blades
 10751 | D:10     | Reached skill level 8 in Long Blades
 10756 | D:10     | Found a staircase to the Orcish Mines.
 11149 | D:10     | Got a polished morningstar
 11150 | D:10     | Identified the cursed +1 morningstar "Tuajat" {antimagic,
                  | rPois SInv Stlth-} (You found it on level 10 of the
                  | Dungeon)
 11535 | D:11     | Noticed a four-headed hydra
 11591 | Orc:1    | Entered Level 1 of the Orcish Mines
 11917 | Orc:1    | Reached XP level 11. HP: 87/95 MP: 9/11
 12046 | Orc:1    | Noticed an orc sorcerer
 12048 | Orc:1    | Noticed an orc knight
 12077 | Orc:1    | Killed an orc knight
 12077 | Orc:1    | Reached skill level 9 in Long Blades
 12413 | Orc:1    | Noticed Jorgrun
 12422 | Orc:1    | Killed Jorgrun
 12422 | Orc:1    | Reached skill level 10 in Armour
 12506 | Orc:1    | Noticed a two-headed ogre
 12512 | Orc:1    | Killed a two-headed ogre
 12512 | Orc:1    | Reached skill level 10 in Long Blades
 12815 | Orc:2    | Entered Level 2 of the Orcish Mines
 12824 | Orc:2    | Noticed a two-headed ogre
 12832 | Orc:2    | Killed a two-headed ogre
 12972 | Orc:2    | Noticed a two-headed ogre
 13002 | Orc:1    | Killed a two-headed ogre
 13284 | Orc:2    | Gained Warbeogh as an ally
 13336 | Orc:2    | Noticed an orc warlord
 13655 | D:10     | Killed an 11-headed hydra
 13879 | D:4      | Killed RaHiT's ghost
 13879 | D:4      | Reached skill level 11 in Long Blades
 14230 | D:11     | Reached ****** piety under Beogh
 14250 | D:11     | Found a staircase to the Lair.
 14260 | D:11     | Reached skill level 1 in Invocations
 14262 | D:11     | Reached XP level 12. HP: 92/104 MP: 10/13
 14604 | D:11     | Found Xusaiggunyu's Mayhem Merchandise.
 14804 | D:11     | Noticed Snorg
 14818 | D:11     | Killed Snorg
 15331 | Lair:1   | Entered Level 1 of the Lair of Beasts
 15335 | Lair:1   | Got a transparent mace
 15454 | Lair:1   | Reached skill level 12 in Long Blades
 15895 | Lair:1   | Found a frozen archway.
 15903 | IceCv    | Entered an ice cave
 16161 | IceCv    | Reached skill level 10 in Fighting
 16549 | IceCv    | Noticed an ice dragon
 16549 | IceCv    | Noticed an ice dragon
 16563 | IceCv    | Killed an ice dragon
 16566 | IceCv    | Found the brooch of Shielding {Spirit SH+8}
 16587 | IceCv    | Killed an ice dragon
 16587 | IceCv    | Reached skill level 13 in Long Blades
 17304 | Lair:2   | Noticed Erica
 17310 | Lair:2   | Killed Erica
 17554 | Lair:2   | Identified the +6 mace "Ycecludd" {holy, rN+ Dex+6} (You
                  | found it on level 1 of the Lair of Beasts)
 17582 | Lair:2   | Found a staircase to the Swamp.
 17607 | Lair:2   | Reached XP level 13. HP: 112/113 MP: 14/14
 18297 | Orc:2    | Killed an orc warlord
 18469 | Orc:2    | Noticed Urug
 18592 | Orc:2    | Found a roughly hewn altar of Beogh.
 18592 | Orc:2    | Noticed an orc warlord
 18599 | Orc:2    | Killed an orc warlord
 18599 | Orc:2    | Reached skill level 14 in Long Blades
 18856 | Orc:2    | Found Soisi's Antique Weapon Emporium.
 18876 | Orc:2    | Bought a smoking glaive for 287 gold pieces
 18966 | Orc:2    | Found Hirghaba's Jewellery Shoppe.
 19275 | Orc:2    | Reached skill level 1 in Throwing
 19359 | Orc:2    | Paralysed by an orc sorcerer for 5 turns
 19453 | Orc:2    | Got a flickering copper ring
 19526 | Orc:2    | Identified the ring of Xom's Best Wishes {rElec rC+ rN+
                  | Str-3} (You found it on level 2 of the Orcish Mines)
 19630 | Orc:2    | Noticed an orc warlord
 19637 | Orc:2    | Found a roughly hewn altar of Beogh.
 19840 | Orc:2    | Found Gekix's Weapon Shop.
 19850 | Orc:2    | Gained Bogbarth as an ally
 19851 | Orc:2    | Identified the +6 glaive of Mandamus {elec, rF+ rC+ Int+3}
                  | (You bought it in a shop on level 2 of the Orcish Mines)
 19884 | Orc:2    | Found Hesam's Magic Scroll Emporium.
 19892 | Orc:2    | Bought a scroll of identify for 22 gold pieces
 20127 | Orc:2    | Found a staircase to the Elven Halls.
 20381 | Lair:3   | Noticed Qann's ghost (journeyman HuNe)
 20387 | Lair:3   | Found a runed translucent door.
 20583 | Lair:3   | Upgraded the game from 0.25-a0-1078-gea6e5d949a to
                  | 0.25-a0-1104-g1bb6b8da34
 21296 | Lair:3   | Killed Qann's ghost
 21594 | Lair:4   | Reached XP level 14. HP: 125/127 MP: 15/15
 21679 | Lair:4   | Gained Zorug as an ally
 21762 | Lair:4   | Your ally Agrik died
 21810 | Lair:4   | Reached skill level 15 in Long Blades
 21830 | Lair:4   | Found a staircase to the Snake Pit.
 23458 | Lair:5   | Found a staircase to the Slime Pits.
 23731 | D:12     | Your ally Bogbarth died
 23780 | D:12     | Noticed Erolcha
 23785 | D:12     | Killed Erolcha
 25141 | D:13     | Reached skill level 15 in Armour
 25306 | D:13     | Found a gate to the Vaults.
 25435 | D:13     | Found Dicsek's General Store.
 25443 | D:13     | Bought a scroll of identify for 22 gold pieces
 25812 | D:14     | Found Taam's Armour Emporium.
 26122 | D:14     | Found a burning altar of Makhleb.
 26429 | Swamp:1  | Entered Level 1 of the Swamp
 26496 | Snake:1  | Entered Level 1 of the Snake Pit
 26496 | Snake:1  | Noticed Rupert
 26503 | Snake:1  | Cast into level 3 of the Abyss (Rupert)
 26568 | Abyss:3  | Noticed a tentacled starspawn
 26641 | Abyss:3  | Reached XP level 15. HP: 79/138 MP: 13/17
 26649 | Abyss:3  | Gained Bladwarg as an ally
 26760 | Abyss:3  | Reached skill level 16 in Long Blades
 26802 | Abyss:3  | Your ally Bladwarg died
 26809 | Abyss:3  | HP: 5/139 [starcursed mass/accursed screaming (6)]
 26812 | Abyss:3  | Killed from afar by a starcursed mass

Illustrated notes

Levels and vault maps discovered:
D:1:      lightli_molten_gateway, layout_loops_ring, dk_noncrumbling_4,
          hex_large, minmay_octomino_e4
D:2:      layout_loops_ring, corner_web_ring, minmay_vboxes, uniq_natasha,
          uniq_robin, uniq_sigmund
D:3:      minmay_chambers_of_threes, layout_basic, tgw_trog, marbit_many_paths,
          fedhas_altar_2, first_ration, grunt_decor_mini_mirrors, uniq_terence
D:4:      layout_cave_pods, lemuel_doored_altar,
          nicolae_dithmenos_through_a_glass_darkly,
          gammafunk_temple_overflow_pools,
          minmay_temple_entry_statues_fountains, gammafunk_ghost_arena,
          enter_ossuary_5
D:5:      layout_basic, nemelex_spade_bored_becter
D:6:      layout_basic, kennysheep_mini_moat, lightli_sewer_entry_pipes,
          serial_corexii_hall, corexii_hall_statues_l, corexii_hall_statues_l,
          chequers_hall_statues_corner_a, chequers_hall_statues_corner_a,
          serial_shops, kennysheep_little_box, uniq_edmund, uniq_grinder
D:7:      layout_rooms, serial_shops, shop, uniq_harold, uniq_maggie,
          uniq_duvessa
D:8:      layout_basic, old_standard_altar, kennysheep_mini,
          lemuel_coloured_pillars_altar
D:9:      layout_loops_cross
D:10:     layout_big_octagon, zombieorc1_lemuel
D:11:     layout_gridville, due_lair_maze_entry_diamond, minmay_shop_mayhem,
          uniq_snorg
D:12:     layout_long_grid, hangedman_pestilent_swarm, uniq_erolcha
D:13:     layout_roguey, lightli_vaults_fourway_checkpoint, serial_shops,
          shop_fountains
D:14:     layout_loops_ring, serial_shops, shop, david_defended_altar_orc
Temple:   pf_slime_end_temple
Lair:1:   layout_chaotic_city, portal_ice_cave_entry_pillars_2
Lair:2:   layout_long_grid, minmay_swamp_entry_swarm, grunt_megastairs_4,
          uniq_erica
Lair:3:   layout_cave_pods, hellmonk_ghost_happy_afterlife
Lair:4:   layout_regular_city, minmay_snake_entry_guardpost_small,
          infiniplex_staircase_pool, serial_bayou_shore_b
Lair:5:   layout_hall_layers, dpeg_slime_entry_corner
Swamp:1:  layout_basic_swamp, basic_altar
Snake:1:  layout_rooms, lemuel_fruit_tree, uniq_rupert
Orc:1:    layout_diamond_mine, nicolae_orc_rockfall, uniq_jorgrun
Orc:2:    pubby_orc_utopia, uniq_urug
Abyss:3:  base: D:3, base: Snake:3, evilmike_abyss_rune_siren_acolytes,
          serial_sigils_hangedman_gut, evilmike_abyss_exit_kraken,
          grunt_abyss_rune_forest_and_sorcery

Skill      XL: |  1  2  3  4  5  6  7  8  9 10 11 12 13 14 15 |
---------------+----------------------------------------------+-----
Fighting       | 4 5 6 7 8 9 10 12 14 | 14.5
Armour         | 1 2 3 5 8 9 11 12 13 15 | 15.3
Axes           | 5 6 7 8 10 11 | 11.0
Dodging        | 3 |  3.0
Stealth        | 2 3 4 |  4.0
Long Blades    | 4 8 11 13 14 15 16 | 16.0
Invocations    | 1 2 3 |  3.5
Throwing       | 1 |  1.1
Evocations     | |  0.5

Action                   |  1- 3 |  4- 6 |  7- 9 | 10-12 | 13-15 || total
-------------------------+-------+-------+-------+-------+-------++-------
Melee: Hand axe          |    78 |   242 |   395 |       |       ||   715
       Long sword        |       |       |    57 |   538 |   674 ||  1269
Throw: Boomerang         |       |       |       |     2 |     6 ||     8
Invok: Convert to Beogh  |       |     1 |       |       |       ||     1
       Recall Orcish Fol |       |       |     1 |     8 |    13 ||    22
       Give Item to Name |       |       |     1 |     4 |     4 ||     9
       Stop Recall       |       |       |       |     1 |     1 ||     2
       Smiting           |       |       |       |       |     1 ||     1
Evoke: Wand              |       |       |       |     4 |     3 ||     7
  Use: Scroll            |     1 |     1 |    15 |    21 |    11 ||    49
       Potion            |     1 |     1 |     1 |     9 |     7 ||    19
 Stab: Sleeping          |     1 |     2 |     7 |       |       ||    10
       Distracted        |       |       |     3 |     3 |     7 ||    13
       Confused          |       |       |       |     1 |       ||     1
  Eat: Chunk             |       |     3 |    12 |    12 |    15 ||    42
       Ration            |       |     2 |     2 |     5 |     5 ||    14
Armor: Robe              |     4 |     4 |       |       |       ||     8
       Leather armour    |       |    43 |    67 |       |       ||   110
       Plate armour      |       |       |   151 |   454 |   395 ||  1000
Dodge: Dodged            |    58 |   155 |   197 |   209 |   168 ||   787
Block: Other             |       |       |       |    11 |   206 ||   217
       Rpst.: Long sword |       |       |     6 |    62 |    30 ||    98

Table legend:
 A = Non-vault XP
 B = Vault XP
 C = Vault XP percentage of total XP
 D = Non-vault monster count
 E = Vault monster count
 F = Vault count percentage of total count
                 A         B        C        D         E       F
            +---------+---------+-------+---------+---------+-------
      Total |   56873 |   34366 |  37.7 |     482 |     209 |  30.2
            +---------+---------+-------+---------+---------+-------
        D:1 |      57 |       5 |   8.1 |      27 |       4 |  12.9
        D:2 |      56 |     284 |  83.5 |      19 |      19 |  50.0
        D:3 |      62 |      81 |  56.6 |      13 |      19 |  59.4
        D:4 |     149 |     260 |  63.6 |      11 |       5 |  31.2
        D:5 |     619 |       0 |   0.0 |      25 |       0 |   0.0
        D:6 |     582 |     324 |  35.8 |      18 |      11 |  37.9
        D:7 |     854 |     901 |  51.3 |      18 |       4 |  18.2
        D:8 |     310 |       0 |   0.0 |      11 |       0 |   0.0
        D:9 |    2272 |       0 |   0.0 |      33 |       0 |   0.0
       D:10 |    2278 |     623 |  21.5 |      16 |      28 |  63.6
       D:11 |    3448 |    1602 |  31.7 |      34 |      10 |  22.7
       D:12 |    6330 |    1197 |  15.9 |      43 |       5 |  10.4
       D:13 |    4240 |    4332 |  50.5 |      33 |      12 |  26.7
       D:14 |    3246 |      31 |   0.9 |      20 |       1 |   4.8
     Lair:1 |    2893 |       0 |   0.0 |      16 |       0 |   0.0
     Lair:2 |    2629 |    1027 |  28.1 |      13 |       6 |  31.6
     Lair:3 |    6562 |    1621 |  19.8 |      43 |       1 |   2.3
     Lair:4 |    6784 |     458 |   6.3 |      27 |       3 |  10.0
     Lair:5 |    5843 |       0 |   0.0 |      30 |       0 |   0.0
      Orc:1 |    2217 |    3068 |  58.1 |      11 |       3 |  21.4
      Orc:2 |       0 |   13099 | 100.0 |       0 |      58 | 100.0
    Abyss:3 |    5442 |       0 |   0.0 |      21 |       0 |   0.0
      IceCv |       0 |    5453 | 100.0 |       0 |      20 | 100.0
            +---------+---------+-------+---------+---------+-------
